 Dungeon Crawl Stone Soup version 0.28-a0-563-gf77a47075d (webtiles) character file.

Game seed: 5600120051754203070

39 iamoutofideas the Chopper (level 3, 35/35 HPs)
             Began as a Gnoll Cinder Acolyte on Sept 30, 2021.
             Was a Priest of Ignis.
             Quit the game on level 2 of the Dungeon.
             The game lasted 00:05:19 (2651 turns).

iamoutofideas the Chopper (Gnoll Cinder Acolyte)    Turns: 2651, Time: 00:05:20

Health: 35/35      AC:  5    Str: 14    XL:     3   Next: 45%
Magic:  7/7        EV: 11    Int: 13    God:    Ignis [***...]
Gold:   55         SH:  5    Dex: 10    Spells: 5/7 levels left

rFire   + . .      SeeInvis .   a - -1 hand axe (flame)
rCold   . . .      Faith    .   h - +2 buckler
rNeg    . . .      Spirit   .   b - +0 robe
rPois   .          Reflect  .   (no helmet)
rElec   .          Harm     .   (no cloak)
rCorr   .          Rampage  .   i - +2 pair of gloves {Dex+3}
Will    .....                   (no boots)
Stlth   +.........              (no amulet)
HPRegen 0.11/turn               (no ring)
MPRegen 0.10/turn               (no ring)

@: no status effects
A: fangs 1, strong nose, distributed training
a: Renounce Religion, Sea of Fire, Foxfire Swarm, Rising Flame


You were on level 2 of the Dungeon.
You worshipped Ignis.
Ignis was most pleased with you.
You visited 1 branch of the dungeon, and saw 2 of its levels.

You collected 55 gold pieces.

Inventory:

Hand Weapons
 a - a -1 hand axe of flaming (weapon)
 g - a +1 whip of venom
Armour
 b - a +0 robe (worn)
 h - a +2 buckler (worn)
 i - a +2 pair of gloves of dexterity (worn)
Magical Staves
 d - a staff of air
Scrolls
 e - a scroll of teleportation {unknown}
Potions
 c - a potion of lignification {unknown}
 f - 2 potions of flight {unknown}


   Skills:
 + Level 6.5 Fighting
 + Level 0.8 Short Blades
 + Level 0.8 Long Blades
 + Level 6.5 Axes
 + Level 0.8 Maces & Flails
 + Level 0.8 Polearms
 + Level 0.8 Staves
 + Level 0.8 Slings
 + Level 0.8 Bows
 + Level 0.8 Crossbows
 + Level 0.8 Throwing
 + Level 0.8 Armour
 + Level 0.8 Dodging
 + Level 0.8 Stealth
 + Level 0.8 Shields
 + Level 0.8 Unarmed Combat
 + Level 2.8 Spellcasting
 + Level 0.5 Conjurations
 + Level 0.5 Hexes
 + Level 0.5 Summonings
 + Level 0.5 Necromancy
 + Level 0.5 Translocations
 + Level 0.5 Transmutations
 + Level 5.4 Fire Magic
 + Level 0.5 Ice Magic
 + Level 0.5 Air Magic
 + Level 0.5 Earth Magic
 + Level 0.5 Poison Magic
 + Level 1.0 Invocations
 + Level 0.8 Evocations


You had 5 spell levels left.
You knew the following spells:

 Your Spells              Type           Power      Damage    Failure   Level
a - Scorch                Fire           30%        2d7       6%          2

Your spell library contained the following spells:

 Spells                   Type           Power      Damage    Failure   Level


Dungeon Overview and Level Annotations

Branches:
Dungeon (2/15)

Altars:


Innate Abilities, Weirdness & Mutations

You have very sharp teeth.
Your uncanny sense of smell can sniff out nearby items.
Your experience applies equally to all skills.


Message History

You barely miss the jackal. The jackal bites you. x2
You slash the jackal! You burn the jackal.
You kill the jackal!
No target in view!
You see here a jackal corpse.
You see here a jackal corpse.
There is a stone staircase leading down here.
You start resting.
Magic restored.
(D) Dungeon
Where to? (Enter - D:2, ? - help)
You climb downwards.
There is a stone staircase leading up, spattered with blood here.
A dart slug is nearby!
A dart slug is nearby!
The dart slug bites you but does no damage.
You hit the dart slug. You burn the dart slug.
The dart slug is heavily wounded.
The dart slug barely misses you.
You hit the dart slug. You burn the dart slug.
You kill the dart slug!
Your Invocations skill increases to level 1!
No target in view!
No target in view!
HP restored.
You open the door.
There is an open door here.
Found a robe.
Found a stone staircase leading down.
A bat comes into view.
A bat is nearby!
A bat is nearby!
A quokka and a gnoll come into view.
Found 16 gold pieces.
Found a stone staircase leading up.
The gnoll shouts!
You hear a shout! x2
A gnoll comes into view. It is wielding a +0 spear.
The gnoll moves out of view.
You hear a shout!
Unknown command.
Unknown command.
Are you sure you want to abandon this character and quit the game? (Confirm with "yes".)

..#.. .#r#
# ...# g# #
..# ..#
#..b# ...#
#.#.##....#
#....<$...#
#@## #..#
##.# #.##
### #..#
..# ##.#
..# #.##
..# #..#
..# ##.# .#


You could see a gnoll, a quokka and a bat.

Vanquished Creatures
  An adder (D:1)
  A dart slug (D:2)
  2 endoplasms (D:1)
  A giant cockroach (D:1)
  3 goblins (D:1)
  3 jackals (D:1)
  5 ball pythons (D:1)
  3 bats (D:1)
  A frilled lizard (D:1)
  4 kobolds (D:1)
  3 rats (D:1)
27 creatures vanquished.

Vanquished Creatures (others)
  20 foxfires (D:1)
20 creatures vanquished.

Grand Total: 47 creatures vanquished

Notes
Turn   | Place    | Note
-------+----------+-------------------------------------------
     0 | D:1      | iamoutofideas the Gnoll Cinder Acolyte began the quest for
                  | the Orb.
     0 | D:1      | Reached XP level 1. HP: 23/23 MP: 4/4
   982 | D:1      | Reached XP level 2. HP: 29/29 MP: 5/5
  1085 | D:1      | Learned a level 2 spell: Scorch
  2498 | D:1      | Reached XP level 3. HP: 30/35 MP: 1/7
  2558 | D:2      | Reached skill level 1 in Invocations
  2651 | D:2      | Quit the game

Illustrated notes

Levels and vault maps discovered:
D:1:      grunt_arrival_crossed_arrows, layout_loops_corners
D:2:      layout_basic

Skill      XL: |  1  2  3 |
---------------+----------+-----
Invocations    | 1 |  1.0
Fighting       | |  6.5
Short Blades   | |  0.8
Long Blades    | |  0.8
Axes           | |  6.5
Maces & Flails | |  0.8
Polearms       | |  0.8
Staves         | |  0.8
Slings         | |  0.8
Bows           | |  0.8
Crossbows      | |  0.8
Throwing       | |  0.8
Armour         | |  0.8
Dodging        | |  0.8
Stealth        | |  0.8
Shields        | |  0.8
Unarmed Combat | |  0.8
Spellcasting   | |  2.8
Conjurations   | |  0.5
Hexes          | |  0.5
Summonings     | |  0.5
Necromancy     | |  0.5
Translocations | |  0.5
Transmutations | |  0.5
Fire Magic     | |  5.4
Ice Magic      | |  0.5
Air Magic      | |  0.5
Earth Magic    | |  0.5
Poison Magic   | |  0.5
Evocations     | |  0.8

Action                   || total
-------------------------++-------
Melee: Hand axe          ||    50
       Bite              ||     2
 Cast: Scorch            ||    12
Invok: Foxfire Swarm     ||     4
       Sea of Fire       ||     3
  Use: Scroll            ||     1
Armor: Robe              ||    27
Dodge: Dodged            ||    47
Block: Buckler           ||     7

Table legend: (Time is in decaauts)
 A = Elapsed time spent in this place.
 B = Non-inter-level travel time spent in this place.
 C = Inter-level travel time spent in this place.
 D = Time resting spent in this place.
 E = Time spent auto-exploring this place.
 F = Levels seen in this place.
 G = Mean time per level.
                   A        B        C        D        E       F      G
               +--------+--------+--------+--------+--------+-----+--------+
         Total |   2651 |   2579 |     72 |    782 |   1559 |   2 | 1325.5 |
       Dungeon |   2651 |   2579 |     72 |    782 |   1559 |   2 | 1325.5 |
               +--------+--------+--------+--------+--------+-----+--------+

Top non-repeatable levels by time:
     D:1: 2548 daAuts
     D:2: 102 daAuts
